 Dungeon Crawl Stone Soup version 0.29-a0-617-g7a6b98fccd (webtiles) character file.

Game seed: 9191346309751322600

1810 Shayle the Insei (level 9, 0/51 (53) HPs)
             Began as a Tengu Brigand on June 16, 2022.
             Was an Initiate of Wu Jian.
             Slain by a wight
             ... wielding a +0 long sword
              (6 damage)
             ... on level 6 of the Dungeon on June 17, 2022.
             The game lasted 00:13:07 (5112 turns).

Shayle the Insei (Tengu Brigand)                    Turns: 5112, Time: 00:13:07

HP:   0/51 (53)     AC: 10    Str: 18    XL:     9   Next: 10%
MP:   15/15         EV: 20    Int: 16    God:    Wu Jian [......]
Gold: 224           SH:  5    Dex: 17    Spells: 15/15 levels left

rFire   . . .      SeeInvis .   z - +2 dagger of Qaseph {vorpal, Will- Str+6 Int+2 Stlth+}
rCold   . . .      Faith    .   (no shield)
rNeg    . . .      Spirit   .   m - +0 ring mail
rPois   .          Reflect  +   (helmet restricted)
rElec   .          Harm     .   c - +0 cloak
rCorr   .          Rampage  .   (no gloves)
Will    .....                   (boots unavailable)
Stlth   +++.......              y - amulet of reflection
HPRegen 0.17/turn               j - +4 ring of evasion
MPRegen 0.14/turn               k - +4 ring of protection

@: flying quickly and evasively, lightly drained, quick
A: beak, talons 3, nimble flight
a: Renounce Religion


You were on level 6 of the Dungeon.
You worshipped Wu Jian.
Wu Jian was noncommittal.
You visited 2 branches of the dungeon, and saw 7 of its levels.

You collected 224 gold pieces.

Inventory:

Hand Weapons
 a - a +2 dagger
 l - a +1 dagger of electrocution
 z - the +2 dagger of Qaseph (weapon) {vorpal, Will- Str+6 Int+2 Stlth+}
   (You found it on level 6 of the Dungeon)

   It inflicts extra damage upon your enemies.
   Str:       It affects your strength (+6).
   Int:       It affects your intelligence (+2).
   Will:      It decreases your willpower.
   Stlth:     It makes you more stealthy.
Missiles
 d - 15 poisoned darts
 e - 4 curare-tipped darts (quivered)
Armour
 b - a +0 robe
 c - a +0 cloak (worn)
 m - a +0 ring mail (worn)
Jewellery
 j - a +4 ring of evasion (left hand)
 k - a +4 ring of protection (right hand)
 y - an amulet of reflection (around neck)
Scrolls
 i - a scroll of magic mapping
 q - 4 scrolls of identify
 r - a scroll of teleportation
 s - a scroll of summoning {unknown}
 t - a scroll of amnesia {unknown}
Potions
 f - a potion of mutation {unknown}
 g - 2 potions of haste {unknown}
 h - 2 potions of curing {unknown}
 n - 3 potions of heal wounds
 o - a potion of magic {unknown}
 p - 2 potions of brilliance {unknown}
 u - a potion of lignification {unknown}
 v - 2 potions of resistance {unknown}
 w - a potion of berserk rage {unknown}
 x - a potion of invisibility {unknown}


   Skills:
 + Level 4.9 Fighting
 - Level 2.1 Short Blades
 - Level 2.0 Throwing
 + Level 5.1 Dodging
 - Level 4.6 Stealth
 * Level 5.9 Unarmed Combat
 + Level 3.9 Spellcasting
 * Level 4.4 Transmutations


You had 15 spell levels left.
You didn't know any spells.
Your spell library contained the following spells:

 Spells                   Type           Power      Damage    Failure   Level
 Apportation              Tloc           6%         N/A       30%         1
 Necrotize                Necr           12%        1d4       30%         1
 Summon Small Mammal      Summ           12%        N/A       30%         1
 Portal Projectile        Hex/Tloc       6%         N/A       67%         3
 Tukima's Dance           Hex            3%         N/A       67%         3
 Blade Hands              Tmut           8%         N/A       80%         5


Dungeon Overview and Level Annotations

Branches:
Dungeon (6/15)             Temple (1/1) D:5

Altars:
Cheibriados
Gozag
Hepliaklqana
Nemelex Xobeh
Qazlal
Trog
Vehumet
Wu Jian
The Shining One

Shops:
D:6 :

Annotations:
D:3 1 runed translucent door, Crazy Yiuf


Innate Abilities, Weirdness & Mutations

You have a beak for a mouth.
You have claws for feet.
Your magical nature lets you fly swiftly and evasively.


Message History

You hit the wight but do no damage. You claw the wight, but do no damage.
The wight is severely damaged.
You barely miss the wight. Your kick misses the wight.
You peck the wight, but do no damage.
The wight is severely damaged.
Your surroundings suddenly seem different.
Found a stone staircase leading up.
Found a scroll of identify.
Found a stone staircase leading down.
A wight comes into view. It is wielding a +0 dagger.
You block the wight's attack.
A wight comes into view. It is wielding a +1 scimitar.
You hit the wight. You claw the wight, but do no damage.
You peck the wight, but do no damage.
The wight is lightly damaged.
The wight closely misses you.
You hit the wight. You peck the wight, but do no damage.
The wight is moderately damaged.
You block the wight's attack.
You hit the wight. Your kick misses the wight.
The wight is heavily damaged.
You block the wight's attack. The wight hits you with a +2 dagger.
* * * LOW HITPOINT WARNING * * *
The wight hits you with a +0 long sword.
* * * LOW HITPOINT WARNING * * *
You hit the wight. You peck the wight, but do no damage.
The wight is severely damaged.
The wight completely misses you. You block the wight's attack.
The wight hits you with a +0 long sword.
* * * LOW HITPOINT WARNING * * *
You feel drained.
You hit the wight but do no damage. You claw the wight.
The wight is severely damaged.
The wight hits you with a +0 dagger.
* * * LOW HITPOINT WARNING * * *
You feel drained.
* * * LOW HITPOINT WARNING * * *
The wight hits you but does no damage.
The wight hits you with a +0 long sword.
You die...

#. #.#.######.#....
.###.#####.....#
#.#.###
......<........####.#.#
....................#
.###....##.....######
#.?#.##.....######.#
##...####)..)).....#
#.zz####..#########
#.zz@z......
#...######### #####


You could see 5 wights.

Vanquished Creatures
  A kobold demonologist (D:6)
  Grinder (D:3)
  Edmund (D:6)
  Duvessa (D:5)
  A black bear (D:5)
  An ice beast (D:6)
  An ogre (D:5)
  A centaur (D:6)
  A kobold brigand (D:5)
  A necrophage (D:4)
  2 bullfrogs (D:6)
  A scorpion (D:5)
  Dowan (D:5)
  3 hounds
  4 iguanas
  An orc wizard (D:5)
  Terence (D:2)
  6 adders
  2 worms
  3 dart slugs
  5 orcs (D:5)
  8 endoplasms
  4 giant cockroaches
  4 goblins
  4 hobgoblins
  3 jackals
  14 kobolds
  3 quokkas
  7 ball pythons
  5 bats
  4 frilled lizards
  10 rats
  A butterfly (D:5)
106 creatures vanquished.

Notes
Turn   | Place    | Note
-------+----------+-------------------------------------------
     0 | D:1      | Shayle the Tengu Brigand began the quest for the Orb.
     0 | D:1      | Reached XP level 1. HP: 12/12 MP: 2/2
   126 | D:1      | Reached XP level 2. HP: 17/17 MP: 3/3
   862 | D:1      | Reached XP level 3. HP: 22/22 MP: 5/5
   877 | D:1      | Reached skill level 1 in Spellcasting
  1098 | D:2      | Found a faded altar of an unknown god.
  1270 | D:2      | Noticed Terence
  1282 | D:2      | Killed Terence
  1283 | D:2      | Reached XP level 4. HP: 24/27 MP: 5/7
  2078 | D:2      | Upgraded the game from 0.29-a0-613-gf2c431b9b9 to
                  | 0.29-a0-617-g7a6b98fccd
  2490 | D:3      | Noticed Grinder
  2521 | D:3      | Paralysed by Grinder for 5 turns
  2538 | D:3      | Paralysed by Grinder for 4 turns
  2552 | D:3      | Killed Grinder
  2553 | D:3      | Reached skill level 1 in Transmutations
  2553 | D:3      | Gained mutation: Your magical nature lets you fly swiftly
                  | and evasively. [Tengu growth]
  2553 | D:3      | Reached XP level 5. HP: 26/32 MP: 7/9
  2553 | D:3      | Reached XP level 6. HP: 30/37 MP: 7/10
  2843 | D:3      | Found a runed translucent door.
  2844 | D:3      | Noticed Crazy Yiuf
  3690 | D:4      | Reached XP level 7. HP: 41/41 MP: 11/11
  3970 | D:5      | Entered Level 5 of the Dungeon
  4279 | D:5      | Noticed Duvessa
  4280 | D:5      | Noticed Dowan
  4294 | D:5      | Killed Duvessa
  4323 | D:5      | Killed Dowan
  4324 | D:5      | Reached XP level 8. HP: 32/48 MP: 13/13
  4524 | D:5      | Found a staircase to the Ecumenical Temple.
  4532 | Temple   | Entered the Ecumenical Temple
  4561 | Temple   | Became a worshipper of the Wu Jian Council
  4892 | D:6      | Found Owkoewne's Self-Improvement Boutique.
  4903 | D:6      | Noticed Edmund
  4921 | D:6      | Killed Edmund
  4922 | D:6      | Reached skill level 5 in Unarmed Combat
  5006 | D:6      | Identified the +2 dagger of Qaseph {vorpal, Will- Str+6
                  | Int+2 Stlth+}
  5055 | D:6      | Noticed a kobold demonologist
  5065 | D:6      | Noticed a red devil
  5086 | D:6      | Killed a kobold demonologist
  5087 | D:6      | Reached skill level 5 in Dodging
  5087 | D:6      | Reached XP level 9. HP: 21/53 MP: 15/15
  5112 | D:6      | Slain by a wight

Illustrated notes

Levels and vault maps discovered:
D:1:      minmay_arrival_stair_chambers, layout_loops_ring
D:2:      minmay_alternating_diamond, layout_basic, basic_ecumenical_altar,
          kennysheep_generic_room_4, uniq_terence
D:3:      layout_loops_ring, minmay_quantized, uniq_crazy_yiuf_cottage,
          uniq_grinder
D:4:      layout_loops_corners, glass_columns_a
D:5:      layout_loops_ring, minmay_temple_entry_butterflies, uniq_duvessa
D:6:      layout_loops_ring, nicolae_shop_dragon_depot, nicolae_shop_self_help,
          uniq_edmund, uniq_pikel, uniq_sigmund
Temple:   regret_index_temple_sigil_plot

Skill      XL: |  1  2  3  4  5  6  7  8 |
---------------+-------------------------+-----
Spellcasting   | 1 2 3 |  3.9
Dodging        | 2 3 4 5 |  5.1
Fighting       | 3 4 |  4.9
Unarmed Combat | 2 4 5 |  5.9
Transmutations | 1 2 3 4 |  4.4
Short Blades   | |  2.1
Throwing       | |  2.0
Stealth        | |  4.6

Action                   |  1- 3 |  4- 6 |  7- 9 || total
-------------------------+-------+-------+-------++-------
Melee: Dagger            |    72 |    83 |   166 ||   321
       Kick              |    11 |    25 |    49 ||    85
       Peck              |     9 |    12 |    31 ||    52
       Punch             |     2 |     3 |     3 ||     8
Throw: Dart              |     3 |       |    10 ||    13
Invok: Lunge             |       |       |     5 ||     5
  Use: Scroll            |       |     4 |     1 ||     5
       Potion            |       |       |     4 ||     4
 Stab: Sleeping          |     5 |    14 |     4 ||    23
Armor: Robe              |    11 |       |       ||    11
       Ring mail         |     1 |    16 |    46 ||    63
Dodge: Dodged            |    41 |    32 |   111 ||   184
Block: Other             |       |       |    13 ||    13

Table legend: (Time is in decaauts)
 A = Elapsed time spent in this place.
 B = Non-inter-level travel time spent in this place.
 C = Inter-level travel time spent in this place.
 D = Time resting spent in this place.
 E = Time spent auto-exploring this place.
 F = Levels seen in this place.
 G = Mean time per level.
                   A        B        C        D        E       F      G
               +--------+--------+--------+--------+--------+-----+--------+
         Total |   4891 |   4743 |    148 |    144 |   3515 |   7 |  698.7 |
       Dungeon |   4854 |   4716 |    138 |    144 |   3498 |   6 |  809.0 |
        Temple |     36 |     26 |     10 |      0 |     17 |   1 |   36.0 |
               +--------+--------+--------+--------+--------+-----+--------+

Top non-repeatable levels by time:
     D:2: 1092 daAuts
     D:1: 989 daAuts
     D:4: 919 daAuts
     D:3: 836 daAuts
     D:5: 810 daAuts
     D:6: 206 daAuts
  Temple: 36 daAuts
